 Dungeon Crawl Stone Soup version 0.31.0-11-ge490571c62 (webtiles) character file.

Game seed: 15904966425354752037

8 browni3141 the Trooper (level 2, 24/24 HPs)
             Began as a Demonspawn Cinder Acolyte on Jan 31, 2024.
             Was a High Priest of Ignis.
             Got out of the dungeon alive.
             The game lasted 00:00:10 (209 turns).

browni3141 the Trooper (Demonspawn Cinder Acolyte)   Turns: 209, Time: 00:00:11

Health: 24/24      AC:  4    Str: 14    XL:     2   Next: 0%
Magic:  3/3        EV: 11    Int: 14    God:    Ignis [*****.]
Gold:   2          SH:  0    Dex:  8    Spells: 3/3 levels left

rFire   + . .        a - -1 mace (flame)
rCold   . . .        (no shield)
rNeg    . . .        b - +0 robe
rPois   .            (no helmet)
rElec   .            (no cloak)
rCorr   .            (no gloves)
SInv    .            (no boots)
Will    .....        (no amulet)
Stlth   +            (no ring)
HPRegen 0.24/turn    (no ring)
MPRegen 0.08/turn

%: no passive effects
@: no status effects
A: molten scales 1
a: Renounce Religion, Fiery Armour, Foxfire Swarm, Rising Flame


You escaped.
You worshipped Ignis.
Ignis was extremely pleased with you.
You visited 1 branch of the dungeon, and saw 1 of its levels.

You collected 2 gold pieces.

Inventory:

Hand Weapons
 a - a -1 mace of flaming (weapon)
Armour
 b - a +0 robe (worn)


   Skills:
 + Level 3.1 Fighting
 + Level 2.8 Maces & Flails
 + Level 1.2 Spellcasting
 + Level 2.8 Fire Magic


You had 3 spell levels left.
You didn't know any spells.
Your spell library contained the following spells:

 Spells                   Type           Power      Damage    Failure   Level
 Scorch                   Fire           16%        2d5       12%         2


Dungeon Overview and Level Annotations

Branches:
Dungeon (1/15)

Altars:


Innate Abilities, Weirdness & Mutations

You are partially covered in molten scales. (AC +2)


Message History

Welcome, browni3141 the Demonspawn Cinder Acolyte.
They say the Orb of Zot lies within this dungeon, but they say a lot of things.
The flames of Ignis gently warm you.
Press ? for a list of commands and other information.
Found an escape hatch in the floor.
Found a staircase leading out of the dungeon.
Setting a skill training target for Axes at 18.0.
Setting a skill training target for Invocations at 14.0.
Setting a skill training target for Throwing at 11.0.
No target in view!
No target in view!
A frilled lizard comes into view.
The frilled lizard hisses angrily.
A kobold comes into view. It is wielding a +0 dagger.
There are monsters nearby!
There are monsters nearby!
The kobold shouts!
The kobold closely misses you.
There are monsters nearby!
You miss the frilled lizard. The frilled lizard barely misses you.
The kobold hits you but does no damage.
You hit the frilled lizard. You burn the frilled lizard.
You kill the frilled lizard!
The kobold misses you.
You closely miss the kobold. The kobold hits you with a +0 dagger.
The kobold closely misses you.
You see here a frilled lizard corpse.
You miss the kobold. You punch the kobold.
The kobold is severely wounded.
The kobold hits you with a +0 dagger. x2
You miss the kobold.
The kobold is severely wounded.
The kobold barely misses you.
You closely miss the kobold.
The kobold is severely wounded.
The kobold closely misses you.
You closely miss the kobold.
The kobold is severely wounded.
The kobold hits you with a +0 dagger.
A kobold is nearby!
You barely miss the kobold.
The kobold is severely wounded.
The kobold hits you with a +0 dagger. x2
You hit the kobold. You burn the kobold.
You kill the kobold!
No target in view!
HP restored.
A dart slug comes into view.
A dart slug is nearby!
A dart slug is nearby!
A dart slug is nearby!
The dart slug launches a dart at you. The slug dart hits you.
The dart slug launches a dart at you. The slug dart hits you.
You sock the dart slug! You burn the dart slug.
The dart slug is almost dead.
The dart slug barely misses you.
You hit the dart slug. You burn the dart slug.
You kill the dart slug!
No target in view!
You see here a dart slug corpse.
No target in view!
No target in view!
You now have 2 gold pieces.
A bat comes into view.
A bat is nearby!
A bat is nearby!
A bat is nearby!
A bat is nearby!
The bat hits you. The bat closely misses you. The bat hits you.
You hit the bat. You burn the bat.
You kill the bat!
A dart slug comes into view.
You hit the dart slug. You burn the dart slug.
The dart slug is severely wounded.
The dart slug bites you.
You hit the dart slug. You burn the dart slug.
You kill the dart slug!
You have reached level 2!
Your demonic ancestry asserts itself...
Molten scales grow over part of your body.
There is a staircase leading out of the dungeon here.
You have escaped!

#........#.########.#
#.####.#.#.#........#
#.##...#.#....#######
#.##.###.#.#..## #.##.#
#.#.#...##
#.##.###.#.#.#..##
#.#......#.#.##..##
#.#....###.#.###..##
#.#..>@....#.####..##.#
##.######.#.....†.......
#...........#.########..
#..######...#.# .
#..######...#.#
##..#........#.#
#...#.####.#.#.. #..##.#
#.#.### #..##.####.#.#


There were no monsters in sight!

Vanquished Creatures
  2 dart slugs (D:1)
  A bat (D:1)
  A frilled lizard (D:1)
  A kobold (D:1)
5 creatures vanquished.

Notes
Turn   | Place    | Note
-------+----------+-------------------------------------------
     0 | D:1      | browni3141 the Demonspawn Cinder Acolyte began the quest
                  | for the Orb.
     0 | D:1      | Reached XP level 1. HP: 18/18 MP: 2/2
   188 | D:1      | Gained mutation: You are partially covered in molten
                  | scales. (AC +2) [demonic ancestry]
   188 | D:1      | Reached XP level 2. HP: 20/24 MP: 3/3
   209 | D:$      | Got out of the dungeon alive.

Illustrated notes

Levels and vault maps discovered:
D:1:      dpeg_arrival_tiny_a, layout_basic, serial_shops, nicolae_shop_trees,
          nicolae_figureground_pulse

Action                     || total
---------------------------++-------
  Melee: Mace              ||    14
         Punch             ||     1
 Armour: Robe              ||    12
  Dodge: Dodged            ||     8
